 Dungeon Crawl Stone Soup version 0.28.0-53-g5a82cb258f (webtiles) character file.

Game seed: 9986412482209689212

481 gobodom the Chopper (level 6, -3/47 HPs)
             Began as a Demonspawn Gladiator on June 18, 2022.
             Killed by nerve-wracking pain
             ... invoked by a shadow imp
              (13 damage)
             ... on level 4 of the Dungeon.
             The game lasted 00:20:56 (3808 turns).

gobodom the Chopper (Demonspawn Gladiator)          Turns: 3808, Time: 00:20:57

Health: -3/47      AC:  5    Str: 16    XL:     6   Next: 87%
Magic:  6/6        EV: 13    Int: 13    God:
Gold:   106        SH:  0    Dex: 15    Spells: 5/5 levels left

rFire   . . .      SeeInvis .   a - +1 war axe
rCold   . . .      Faith    .   (no shield)
rNeg    . . .      Spirit   .   b - +0 leather armour
rPois   .          Reflect  .   g - +1 helmet
rElec   .          Harm     .   (no cloak)
rCorr   .          Rampage  .   (no gloves)
Will    .....                   (no boots)
Stlth   ++........              (no amulet)
HPRegen 0.15/turn               (no ring)
MPRegen 0.10/turn               (no ring)

@: no status effects
A: demonic guardian 1, foul stench 1, big brain 2
a: no special abilities


You were on level 4 of the Dungeon.
You visited 1 branch of the dungeon, and saw 4 of its levels.
You also visited: Sewer.

You collected 106 gold pieces.

Inventory:

Hand Weapons
 a - a +1 war axe (weapon)
Missiles
 d - a throwing net
 e - 2 atropa-tipped darts (quivered)
 h - 6 poisoned darts
Armour
 b - a +0 leather armour (worn)
 g - a +1 helmet (worn)
 p - a +2 hat
Magical Staves
 n - a staff of fire
Scrolls
 f - a scroll of vulnerability
 o - a scroll of identify
Potions
 c - 2 potions of curing
 i - 2 potions of haste
 j - 2 potions of berserk rage
 k - 2 potions of mutation
 l - a potion of cancellation
 m - 2 potions of flight


   Skills:
 + Level 3.1 Fighting
 + Level 5.0 Axes
 + Level 2.3 Throwing
 + Level 2.1 Armour
 + Level 4.0 Dodging
 + Level 1.1 Stealth


You had 5 spell levels left.
You didn't know any spells.
Your spell library was empty.

Dungeon Overview and Level Annotations

Branches:
Dungeon (4/15)              Sewer (visited)
 Temple: D:4-7

Altars:
Hepliaklqana


Innate Abilities, Weirdness & Mutations

A weak demonic guardian rushes to your aid.
You may rarely emit foul miasma when damaged in melee.
You have an extremely huge brain. (Int +4)


Message History

An adder skeleton comes into view.
As you read the scroll of identify, it crumbles to dust.
k - 2 potions of mutation You slash the ball python!
You kill the ball python!
You slash the endoplasm!
You kill the endoplasm!
You barely miss the shadow imp. The shadow imp hits you.
You barely miss the shadow imp. The shadow imp hits you.
The shadow imp completely misses you.
You hit the shadow imp but do no damage.
Your punch misses the shadow imp. The shadow imp gestures at you.
Pain shoots through your body!
You barely miss the shadow imp. The shadow imp gestures at you.
Pain shoots through your body!
* * * LOW HITPOINT WARNING * * *
You barely miss the shadow imp. The shadow imp barely misses you.
You closely miss the shadow imp.
The shadow imp grinds its teeth.
The shadow imp misses you. The shadow imp barely misses you.
You closely miss the shadow imp. The shadow imp completely misses you.
You slash the shadow imp!
The shadow imp is almost dead.
The shadow imp gestures at you.
You barely resist. You hit the shadow imp.
The shadow imp is almost dead.
The shadow imp hits you.
* * * LOW HITPOINT WARNING * * *
You closely miss the shadow imp.
The shadow imp is almost dead.
The shadow imp barely misses you. The shadow imp hits you.
* * * LOW HITPOINT WARNING * * *
You hit the shadow imp but do no damage.
The shadow imp is almost dead.
The shadow imp gestures at you. Pain shoots through your body!
You die...

..... ......
.Z.###...... ......
#........... #....###
#...........
#....#.###...........
##.................... .
#......####...........
#.#........##...@5..?...
........................
....<..........##.......
...................#....
>..................# ...
...............##.## ..
##...............## #
#..........##.###
#.............##


You could see a shadow imp and an adder skeleton.

Vanquished Creatures
  Jessica (D:2)
  Natasha (thrice) (D:3)
  A hound skeleton (D:3)
  3 adders
  2 river rats (Sewer)
  2 worms (D:3)
  An orc (D:3)
  7 ball pythons
  4 bats
  2 endoplasms
  5 giant cockroaches
  7 goblins
  6 hobgoblins
  9 jackals
  14 kobolds
  A quokka (D:1)
  2 frilled lizards
  11 rats
81 creatures vanquished.

Vanquished Creatures (collateral kills)
  Sigmund (D:2)
  A kobold brigand (Sewer)
2 creatures vanquished.

Vanquished Creatures (others)
  8 demonic plants (D:2)
  4 fungi (D:2)
  7 plants (D:2)
  2 withered plants (D:2)
21 creatures vanquished.

Grand Total: 104 creatures vanquished

Notes
Turn   | Place    | Note
-------+----------+-------------------------------------------
     0 | D:1      | gobodom the Demonspawn Gladiator began the quest for the
                  | Orb.
     0 | D:1      | Reached XP level 1. HP: 16/16 MP: 1/1
   219 | D:1      | Gained mutation: You have an unusually large brain. (Int
                  | +2) [demonic ancestry]
   219 | D:1      | Reached XP level 2. HP: 18/22 MP: 2/2
   447 | D:1      | Reached skill level 3 in Axes
   599 | D:1      | Reached XP level 3. HP: 27/27 MP: 3/3
   841 | D:2      | Found a faded altar of an unknown god.
   937 | D:2      | You fall into a shaft and drop 1 floor!
   937 | D:3      | Found a glowing drain.
   952 | Sewer    | Entered a sewer
   965 | Sewer    | Gained mutation: A weak demonic guardian rushes to your
                  | aid. [demonic ancestry]
   965 | Sewer    | Reached XP level 4. HP: 23/33 MP: 4/4
  1014 | Sewer    | Noticed a kobold brigand
  1040 | Sewer    | Killed a kobold brigand
  1041 | Sewer    | Reached skill level 4 in Axes
  1041 | Sewer    | Reached skill level 1 in Armour
  1041 | Sewer    | Gained mutation: You have an extremely huge brain. (Int +4)
                  | [demonic ancestry]
  1041 | Sewer    | Reached XP level 5. HP: 12/39 MP: 5/5
  1469 | D:3      | Found Jemab's Magic Scroll Shoppe.
  1568 | D:2      | Noticed Natasha
  1568 | D:2      | Noticed Jessica
  1578 | D:3      | Killed Natasha
  1658 | D:3      | Noticed Natasha
  1666 | D:3      | Killed Natasha
  2114 | D:2      | Noticed Sigmund
  2302 | D:2      | Killed Sigmund
  2303 | D:2      | Reached skill level 1 in Stealth
  2303 | D:2      | Gained mutation: You may rarely emit foul miasma when
                  | damaged in melee. [demonic ancestry]
  2303 | D:2      | Reached XP level 6. HP: 6/47 MP: 6/6
  2779 | D:2      | Killed Jessica
  3186 | D:3      | Found a hazy altar of Hepliaklqana.
  3323 | D:3      | Noticed Natasha
  3327 | D:3      | Killed Natasha
  3328 | D:3      | Reached skill level 5 in Axes
  3808 | D:4      | Killed from afar by a shadow imp

Illustrated notes

Levels and vault maps discovered:
D:1:      psy_arrival_fountain, layout_rooms
D:2:      layout_basic, shapermc_ecumenical_altar_gd, uniq_sigmund,
          uniq_natasha, uniq_jessica
D:3:      layout_basic, mainiacjoe_overflow_concentric_impassable,
          cheibrodos_sewer_entry_drain, serial_shops, nicolae_square_shop,
          nicolae_wormholes
D:4:      layout_cave_pools

Skill      XL: |  1  2  3  4  5  6 |
---------------+-------------------+-----
Dodging        | 3 4 |  4.0
Axes           | 3 4 5 |  5.0
Armour         | 1 2 |  2.1
Throwing       | 2 |  2.3
Fighting       | 3 |  3.1
Stealth        | 1 |  1.1

Action                   |  1- 3 |  4- 6 || total
-------------------------+-------+-------++-------
Melee: War axe           |   110 |   118 ||   228
       Punch             |       |     2 ||     2
Throw: Dart              |       |    13 ||    13
       Throwing net      |       |     6 ||     6
  Use: Scroll            |     6 |     2 ||     8
       Potion            |       |     1 ||     1
 Stab: Sleeping          |     1 |       ||     1
Armor: Leather armour    |    52 |    22 ||    74
Dodge: Dodged            |    91 |    85 ||   176
